 Dungeon Crawl Stone Soup version 0.16-a0-3636-gf0307c9 (webtiles) character file.

64 Firos the Insei (level 4, -10/22 HPs)
             Began as a Vine Stalker Transmuter on Jan 15, 2015.
             Engulfed by a cloud of flame (20 damage)
             ... on level 4 of the Dungeon.
             The game lasted 00:03:48 (713 turns).

Firos the Insei (Vine Stalker Transmuter)            Turns: 713, Time: 00:03:50

Health: -10/22     AC:  3    Str: 12    XL:     4   Next: 12%
Magic:  0/10       EV: 11    Int: 14    God:
Gold:   54         SH:  0    Dex: 15    Spells: 3 memorised, 3 levels left

rFire  . . .     SeeInvis .       - Unarmed
rCold  . . .     Clarity  .     f - +0 leather armour (curse)
rNeg   . . .     SustAb   .     (no shield)
rPois  .         Gourm    .     (no helmet)
rElec  .         Spirit   +     (no cloak)
rCorr  .         Warding  .     (no gloves)
rMut   .         Stasis   .     (no boots)
MR     .....                    (no amulet)
Stlth  +.........               (no ring)
                                g - ring of wizardry

@: not resistant to hostile enchantments, very unstealthy
A: fangs 2, regeneration 1, magic shield, antimagic bite, no device heal 3, rot
immunity
a: no special abilities


You were on level 4 of the Dungeon.
You were not hungry.

You visited 1 branch of the dungeon, and saw 3 of its levels.

You collected 54 gold pieces.

Inventory:

Missiles
 b - 12 arrows
Armour
 f - a cursed +0 leather armour (worn)
Jewellery
 g - a ring of wizardry (left hand)
Potions
 i - a potion of berserk rage {unknown}
Books
 d - a book of Changes

   Spells                             Type                      Level
   a - Beastly Appendage              Transmutation                1
   b - Sticks to Snakes               Transmutation                2
   c - Spider Form                    Transmutation/Poison         3
   d - Ice Form                       Ice/Transmutation            4
   e - Blade Hands                    Transmutation                5
Comestibles
 a - 2 bread rations


   Skills:
 + Level 1.6 Fighting
 - Level 1.5 Dodging
 + Level 3.4 Unarmed Combat
 * Level 3.1 Spellcasting
 * Level 2.7 Transmutations


You had 3 spell levels left.
You knew the following spells:

 Your Spells              Type           Power        Failure   Level  Hunger
a - Beastly Appendage     Trmt           #.....       4%          1    #......
b - Sticks to Snakes      Trmt           #.........   4%          2    ##.....
c - Spider Form           Trmt/Pois      #.........   16%         3    ###....


Dungeon Overview and Level Annotations

Branches:
Dungeon (4/15)
 Temple: D:4-7

Altars:


Innate Abilities, Weirdness & Mutations

You have extremely sharp teeth.
Your natural rate of healing is unusually fast.
When hurt, damage is shared between your health and your magic reserves.
Your bite disrupts and absorbs the magic of your enemies.
Potions and wands cannot restore your health.
You are immune to rotting.


Message History

Forget which spell ([?*] list [ESC] exit)?
Okay, then.
It was a scroll of amnesia.
Read which item? (? for menu, Esc to quit)
As you read the scroll labeled JUD BOURCHOITT, it crumbles to dust.
You assume a fearsome visage.
The bat skeleton is unaffected.
It was a scroll of fear.
The bat skeleton misses you. The bat skeleton barely misses you.
The bat skeleton hits you.
Read which item? (? for menu, Esc to quit)
As you read the scroll labeled CEISSEX TEVES, it crumbles to dust.
The creatures around you are filled with an inner flame!
It was a scroll of immolation.
The bat skeleton closely misses you. The bat skeleton closely misses you.
You hit the bat skeleton.
The bat skeleton explodes!
The fiery explosion engulfs you!
Ouch! That really hurt!
You are engulfed in roaring flames.
Ouch! That really hurt!
You die...

### .....####
...........
......... .......
..... §!§ #+#§##
#.§@.########
#...........#
#...........#
#...........#
#...........#
#...........#
#...........#
########...........#
..........##...#####


There were no monsters in sight!

Vanquished Creatures
  Natasha (D:4)
  4 giant geckos
  A bat skeleton (D:4)
  5 goblins (D:1)
  4 hobgoblins (D:1)
  4 kobolds (D:1)
  A quokka (D:2)
  A ball python (D:1)
  2 bats
  10 giant newts (D:1)
  6 rats (D:1)
39 creatures vanquished.

Notes
Turn   | Place    | Note
--------------------------------------------------------------
     0 | D:1      | Firos, the Vine Stalker Transmuter, began the quest for the Orb.
     0 | D:1      | Reached XP level 1. HP: 9/9 MP: 3/3
    98 | D:1      | Reached skill level 1 in Fighting
   151 | D:1      | Reached XP level 2. HP: 7/14 MP: 6/6
   155 | D:1      | Learned a level 2 spell: Sticks to Snakes
   436 | D:1      | Reached XP level 3. HP: 14/18 MP: 7/7
   490 | D:1      | Learned a level 3 spell: Spider Form
   606 | D:2      | You fall through a shaft for 2 floors!
   611 | D:4      | Noticed Natasha
   624 | D:4      | Killed Natasha
   624 | D:4      | Reached XP level 4. HP: 9/22 MP: 0/10
   713 | D:4      | Engulfed by a cloud of flame

Action                   |  1- 3 |  4- 6 || total
-------------------------+-------+-------++-------
Melee: Unarmed           |   128 |     5 ||   133
 Cast: Spider Form       |     1 |       ||     1
  Use: Scroll            |       |     3 ||     3
